 Dungeon Crawl Stone Soup version 0.27-a0-1101-ge311f74bc8 (webtiles) character file.

Game seed: 7677942766021844767

198 1player the Sneak (level 5, -2/24 HPs)
             Began as a Spriggan Enchanter on Apr 28, 2021.
             Slain by a mummy (14 damage)
             ... in an ossuary.
             The game lasted 00:12:24 (3880 turns).

1player the Sneak (Spriggan Enchanter)              Turns: 3880, Time: 00:12:24

Health: -2/24      AC:  3    Str:  4    XL:     5   Next: 47%
Magic:  10/10      EV: 23    Int: 16    God:
Gold:   121        SH:  0    Dex: 17    Spells: 6/9 levels left

rFire    . . .     SeeInvis +   a - +1 short sword (drain)
rCold    . . .     Faith    .   (shield restricted)
rNeg     . . .     Spirit   .   o - +1 robe
rPois    .         Reflect  .   (helmet restricted)
rElec    .         Harm     .   (no cloak)
rCorr    .         Rampage  .   (gloves unavailable)
Will     .....                  (boots unavailable)
Stlth    +++.......             n - amulet of regeneration
HPRegen  1.08/turn              d - +4 ring of evasion
MPRegen  0.12/turn              (no ring)

@: very quick
A: very small, no large weapons, unfitting armour, see invisible, speed 3
a: no special abilities


You were in an ossuary.
You visited 1 branch of the dungeon, and saw 4 of its levels.
You also visited: Ossuary.

You collected 121 gold pieces.

Inventory:

Hand Weapons
 a - a +1 short sword of draining (weapon)
 b - a +0 hunting sling
 j - a +1 dagger
 l - a +0 rapier
Armour
 o - a +1 robe (worn)
Jewellery
 d - a +4 ring of evasion (left hand)
 n - an amulet of regeneration (around neck)
Scrolls
 c - a scroll of enchant armour
 e - a scroll of amnesia {unknown}
 g - a scroll of acquirement {unknown}
Potions
 f - 3 potions of curing {@q1}
 i - a potion of attraction
 k - 2 potions of invisibility


   Skills:
 - Level 2.0 Short Blades
 + Level 4.8 Dodging
 + Level 6.5 Stealth
 - Level 2.6 Spellcasting
 - Level 5.0 Hexes


You had 6 spell levels left.
You knew the following spells:

 Your Spells              Type           Power      Damage    Failure   Level
q - Corona                Hex            20%        N/A       2%          1
z - Ensorcelled Hibernat  Hex/Ice        20%        N/A       11%         2

Your spell library contained the following spells:

 Spells                   Type           Power      Damage    Failure   Level
 Confusing Touch          Hex            18%        N/A       8%          3
 Tukima's Dance           Hex            18%        N/A       8%          3
 Dazzling Flash           Conj/Hex       20%        N/A       21%         3


Dungeon Overview and Level Annotations

Branches:
Dungeon (4/15)            Ossuary (1/1)
 Temple: D:4-7

Altars:

Shops:
D:2 :

Annotations:
D:3 3 runed translucent doors, Verendum's ghost, amateur OpFi; lagdotcom's ghost, amateur FoAK; tsouns's ghost, weakling DsDe; zhorgal's ghost, amateur MiFi


Innate Abilities, Weirdness & Mutations

You are very small and have problems with some larger weapons.
You are too small for most types of armour.
You have supernaturally acute eyesight. (SInv)
You cover ground extremely quickly. (Speed+++)


Message History

The mummy completely misses you.
You hit the mummy.
The mummy is almost destroyed.
The hobgoblin zombie closely misses you.
You hit the mummy.
You destroy the mummy!
The hobgoblin zombie barely misses you. The hobgoblin zombie misses you.
The mummy hits you!
The hobgoblin zombie closely misses you.
You hit the mummy.
The mummy is lightly damaged.
The hobgoblin zombie completely misses you.
The mummy closely misses you.
You barely miss the mummy.
The mummy is lightly damaged.
The hobgoblin zombie barely misses you. The hobgoblin zombie misses you.
You hit the mummy but do no damage.
The mummy is lightly damaged.
The hobgoblin zombie completely misses you.
The mummy hits you!
* * * LOW HITPOINT WARNING * * *
The hobgoblin zombie completely misses you.
Press: ? - help, v - describe, . - travel
Here: a mummy (lightly damaged)
The floor.
You feel better. The hobgoblin zombie hits you.
The hobgoblin zombie closely misses you.
The mummy misses you. The mummy barely misses you.
Press: ? - help, v - describe, . - travel
Here: a mummy (lightly damaged)
The floor.
You hit the mummy.
The mummy is moderately damaged.
The hobgoblin zombie barely misses you.
You hit the mummy.
The mummy is heavily damaged.
The hobgoblin zombie closely misses you.
The mummy hits you but does no damage. The mummy hits you!
Ouch! That really hurt!
You die...

#......
#....#
#....#
#....#
#....#
#....#
#....#
#ZMM.#
#.@..#
#.Z∩.#
######


You could see 2 mummies and 2 hobgoblin zombies.

Vanquished Creatures
  Jessica (D:3)
  Natasha (D:2)
  An orc wizard (D:4)
  A mummy (Ossuary)
  4 gnolls
  An adder (D:1)
  A dart slug (D:2)
  3 orcs (D:4)
  4 endoplasms
  A giant cockroach (D:1)
  A gnoll zombie (Ossuary)
  4 goblins
  4 hobgoblins
  3 jackals (D:1)
  8 kobolds
  3 quokkas
  4 ball pythons
  4 bats
  4 frilled lizards
  2 hobgoblin zombies (Ossuary)
  7 rats
62 creatures vanquished.

Vanquished Creatures (others)
  75 plants (D:1)
75 creatures vanquished.

Grand Total: 137 creatures vanquished

Notes
Turn   | Place    | Note
-------+----------+-------------------------------------------
     0 | D:1      | 1player the Spriggan Enchanter began the quest for the Orb.
     0 | D:1      | Reached XP level 1. HP: 9/9 MP: 5/5
  1090 | D:1      | Reached XP level 2. HP: 9/13 MP: 3/6
  1159 | D:1      | Reached skill level 5 in Stealth
  1846 | D:1      | Learned a level 2 spell: Ensorcelled Hibernation
  1919 | D:1      | Reached XP level 3. HP: 16/16 MP: 5/8
  2394 | D:2      | Found Kalowear's Book Boutique.
  2438 | D:2      | Noticed Natasha
  2445 | D:2      | Killed Natasha
  2446 | D:2      | Reached XP level 4. HP: 21/21 MP: 6/9
  2674 | D:2      | Found a faded altar of an unknown god.
  2760 | D:2      | Reached skill level 5 in Hexes
  3145 | D:3      | Found a runed translucent gate.
  3147 | D:3      | Found a runed translucent gate.
  3147 | D:3      | Noticed tsouns's ghost (weakling DsDe)
  3148 | D:3      | Found a runed translucent gate.
  3148 | D:3      | Noticed Verendum's ghost (amateur OpFi)
  3149 | D:3      | Noticed zhorgal's ghost (amateur MiFi)
  3149 | D:3      | Noticed lagdotcom's ghost (amateur FoAK)
  3200 | D:3      | Noticed an ice beast
  3230 | D:3      | Noticed Jessica
  3654 | D:3      | Killed Jessica
  3655 | D:3      | Reached skill level 6 in Stealth
  3655 | D:3      | Reached XP level 5. HP: 24/24 MP: 5/10
  3810 | D:4      | Found a sand-covered staircase.
  3819 | Ossuary  | Entered an ossuary
  3880 | Ossuary  | Slain by a mummy

Illustrated notes

Levels and vault maps discovered:
D:1:      matt_arrival_grand_opening, layout_basic, minivault_23,
          serial_park_tiny_1, corner_web_ring, kennysheep_boxes
D:2:      layout_loops_ring, hellmonk_ecumenical_altar_leap_of_faith,
          serial_shops, shop, uniq_natasha
D:3:      layout_rooms, gammafunk_ghost_cemetery, kennysheep_nub, uniq_jessica
D:4:      layout_layer_cave, minmay_temple_entry_drinking_statues, serial_shops,
          kennysheep_mini_moat, nicolae_ossuary_entry_monument
Ossuary:  ossuary_tomb_3

Skill      XL: |  1  2  3  4 |
---------------+-------------+-----
Dodging        | 3 4 |  4.8
Stealth        | 5 6 |  6.5
Hexes          | 4 5 |  5.0
Short Blades   | 2 |  2.0
Spellcasting   | |  2.6

Action                   |  1- 3 |  4- 6 || total
-------------------------+-------+-------++-------
Melee: Dagger            |   130 |    20 ||   150
       Short sword       |       |    71 ||    71
 Cast: Corona            |    12 |       ||    12
       Ensorcelled Hiber |     8 |    14 ||    22
  Use: Scroll            |     1 |     3 ||     4
       Potion            |       |     1 ||     1
 Stab: Sleeping          |    10 |    19 ||    29
Armor: Robe              |     9 |     7 ||    16
Dodge: Dodged            |   103 |    89 ||   192

Table legend: (Time is in decaauts)
 A = Elapsed time spent in this place.
 B = Non-inter-level travel time spent in this place.
 C = Inter-level travel time spent in this place.
 D = Time resting spent in this place.
 E = Time spent auto-exploring this place.
 F = Levels seen in this place.
 G = Mean time per level.
                   A        B        C        D        E       F      G
               +--------+--------+--------+--------+--------+-----+--------+
         Total |   3057 |   2930 |    127 |   1398 |    682 |   5 |  611.4 |
       Dungeon |   3003 |   2876 |    127 |   1392 |    682 |   4 |  750.8 |
       Ossuary |     53 |     53 |      0 |      6 |      0 |   1 |   53.0 |
               +--------+--------+--------+--------+--------+-----+--------+

Top non-repeatable levels by time:
     D:1: 1956 daAuts
     D:2: 568 daAuts
     D:3: 456 daAuts
 Ossuary: 53 daAuts
     D:4: 22 daAuts
